 Dungeon Crawl Stone Soup version 0.14-a0-882-gdff4d47 (webtiles) character file.

170 Malachi the Grasshopper (level 4, -2/29 HPs)
             Began as a High Elf Warper on Nov 17, 2013.
             Slain by a gnoll
             ... wielding a +1,+1 flail
              (9 damage)
             ... on Level 2 of the Dungeon.
             The game lasted 00:04:35 (2915 turns).

Malachi the Grasshopper (High Elf Warper)           Turns: 2915, Time: 00:04:35

HP  -2/29        AC  5     Str 11      XL: 4   Next: 42%
MP   9/9         EV 12     Int 17      God:
Gold 73          SH  0     Dex 14      Spells:  1 memorised,  7 levels left

Res.Fire  : + . .   See Invis. : .   a - +0 elf falchion
Res.Cold  : x . .   Warding    : .   b - +0 elf leather armour
Life Prot.: . . .   Conserve   : .   (no shield)
Res.Poison: .       Res.Corr.  : .   l - +0 golden helmet
Res.Elec. : .       Clarity    : .   t - +0 cloak (curse)
Sust.Abil.: . .     Spirit.Shd : .   (no gloves)
Res.Mut.  : .       Stasis     : .   (no boots)
Res.Rott. : .       Flight     : .   k - amulet of inaccuracy {unknown}
Saprovore : . . .                    (no ring)
                                     n - ring of fire

@: slightly resistant to hostile enchantments, unstealthy
A: no striking features
a: no special abilities


You were on level 2 of the Dungeon.
You were hungry.

You visited 1 branch of the dungeon, and saw 2 of its levels.

You collected 73 gold pieces.

Inventory:

Hand weapons
 a - a +0,+0 elven falchion (weapon)
Missiles
 e - 15 darts (quivered)
 f - 10 darts of dispersal
Armour
 b - a +0 elven leather armour (worn)
 l - a +0 golden helmet (worn)
 t - a cursed +0 cloak (worn)
Comestibles
 g - 3 bread rations
 h - a rotting chunk of giant gecko flesh
 i - 4 rotting chunks of goblin flesh
 p - a meat ration
 s - 2 rotting chunks of hobgoblin flesh
 u - a chunk of bat flesh
Scrolls
 d - 2 scrolls of blinking
 j - 2 scrolls of teleportation
 o - 2 scrolls of noise {unknown}
 q - a scroll of enchant armour {unknown}
Jewellery
 k - an amulet of inaccuracy (around neck) {unknown}
 n - a ring of fire (left hand)
Potions
 r - a potion of restore abilities
Books
 c - a book of Spatial Translocations

   Spells                             Type                      Level
   *Apportation                       Translocation                1
   Portal Projectile                  Translocation                2
   Blink                              Translocation                2
   Shroud of Golubria                 Charms/Translocation         2
   Teleport Other                     Translocation                3
   Passage of Golubria                Translocation                4


   Skills:
 + Level 2.2 Fighting
 + Level 3.1 Long Blades
 + Level 1.1 Throwing
 + Level 1.4 Armour
 + Level 3.7 Dodging
 - Level 1.0 Stealth
 + Level 2.5 Spellcasting
 + Level 3.7 Translocations


You had 7 spell levels left.
You knew the following spells:

 Your Spells              Type           Power        Failure   Level  Hunger
a - Apportation           Tloc           ##........   4%          1    #......


Dungeon Overview and Level Annotations

Branches:
Dungeon (2/16)

Altars:
Xom


Message History

The gnoll drinks a potion.
The gnoll is healed!
You miss the gnoll. The gnoll hits you with a flail.
You barely miss the gnoll. The gnoll hits you with a flail.
You barely miss the gnoll. The gnoll hits you but does no damage.
You closely miss the gnoll. The gnoll hits you with a flail.
* * * LOW HITPOINT WARNING * * *
You are too injured to fight recklessly!
You are too injured to fight recklessly!
You are too injured to fight recklessly!
You hit the gnoll.
The gnoll is lightly wounded.
The gnoll completely misses you.
You hit the gnoll.
The gnoll is heavily wounded.
The gnoll barely misses you.
Ugh!
There is something really disgusting in your inventory. (slot h)
You miss the gnoll.
The gnoll is heavily wounded.
The gnoll hits you with a flail!
You die...

#.# #.# #.# #(#
... #.# #...#
#.# #...### #(#
#....... #(#
#........ #@#
#........ #g#
#.?...... #g#
#......... #%#
#(........
##.####(........
#.....>......###
#............#
###.......#....#
#.....#####....#


You could see a gnoll and a hobgoblin.

Vanquished Creatures
  4 adders (D:2)
  A giant mite (D:2)
  A worm (D:2)
  2 giant geckos
  3 ball pythons (D:2)
  6 bats
  3 giant cockroaches
  6 hobgoblins
  5 kobolds
  10 goblins
  A quokka (D:2)
  6 rats
48 creatures vanquished.

Notes
Turn   | Place    | Note
--------------------------------------------------------------
     0 | D:1      | Malachi, the High Elf Warper, began the quest for the Orb.
     0 | D:1      | Reached XP level 1. HP: 13/13 MP: 2/2
   638 | D:1      | Reached XP level 2. HP: 18/18 MP: 4/4
   658 | D:1      | Found a shimmering altar of Xom.
  1271 | D:1      | Reached skill level 1 in Armour
  1657 | D:1      | Reached XP level 3. HP: 21/23 MP: 6/6
  2087 | D:2      | Reached skill level 1 in Stealth
  2466 | D:2      | Reached XP level 4. HP: 13/29 MP: 9/9
  2915 | D:2      | Slain by a gnoll

Action                   |  1- 3 |  4- 6 || total
-------------------------+-------+-------++-------
Melee: Falchion          |   212 |    57 ||   269
  Use: Scroll            |     4 |       ||     4
       Potion            |     3 |     1 ||     4
